 Dungeon Crawl Stone Soup version 0.30.0-20-g3615ddf2f0 (webtiles) character file.

Game seed: 12522922324728221814

121 qw the Chopper (level 5, -4/32 HPs)
             Began as a Gargoyle Fighter on May 29, 2023.
             Frozen to death by an endoplasm (5 damage)
             ... on level 2 of the Dungeon.
             The game lasted 00:00:47 (1182 turns).

qw the Chopper (Gargoyle Fighter)                   Turns: 1182, Time: 00:00:47

Health: -4/32      AC:  6    Str: 21    XL:     5   Next: 5%
Magic:  5/5        EV:  9    Int:  9    God:
Gold:   94         SH:  4    Dex:  9    Spells: 4/4 levels left

rFire   . . .        Y - +0 war axe (venom)
rCold   . . .        c - +0 buckler
rNeg    + . .        b - +0 scale mail
rPois   inf          (no helmet)
rElec   +            (no cloak)
rCorr   .            (no gloves)
SInv    .            (no boots)
Will    .....        (no amulet) Stlth
                     (no ring)
HPRegen 0.25/turn    (no ring)
MPRegen 0.09/turn

%: no passive effects
@: corroded
A: sickness immunity, AC +4, negative energy resistance 1, electricity
resistance, torment resistance 1, petrification resistance
a: no special abilities


You were on level 2 of the Dungeon.
You visited 1 branch of the dungeon, and saw 2 of its levels.

You collected 94 gold pieces.


Innate Abilities, Weirdness & Mutations

You are immune to sickness and miasma.
Your stone body is resilient. (AC +4)
You are immune to poison.
You resist negative energy. (rN+)
You are resistant to electric shocks. (rElec)
You are resistant to unholy torment.
You are immune to petrification.


   Skills:
 - Level 3.2 Fighting
 + Level 4.6 Axes
 - Level 3.2 Armour
 - Level 3.2 Shields


You had 4 spell levels left.
You didn't know any spells.
Your spell library was empty.

Inventory:

Hand Weapons
 l - a +0 whip of venom
 Y - a +0 war axe of venom (weapon)
Armour
 b - a +0 scale mail (worn)
 c - a +0 buckler (worn)
Scrolls
 g - a scroll of blinking {unknown}
 h - a scroll of identify {unknown}
Potions
 a - a potion of berserk rage {unknown}
 d - a potion of might
 e - a potion of haste {unknown}
 f - a potion of magic {unknown}
 i - 2 potions of attraction {unknown}
 j - a potion of resistance {unknown}
 k - a potion of brilliance {unknown}

Dungeon Overview and Level Annotations

Branches:
Dungeon (2/15)

Altars:


Message History

The endoplasm freezes you.
You are frozen.
The jelly hits you.
You are splashed with acid!
The endoplasm hits you but does no damage.
You slash the endoplasm!
You kill the endoplasm!
You hit the jelly.
The jelly looks as sick as possible!
Your hands burn!
You hit the endoplasm but do no damage.
The endoplasm is poisoned.
The jelly closely misses you.
The endoplasm hits you but does no damage.
You slash the jelly!
You kill the jelly!
You hit the endoplasm but do no damage. You slash the endoplasm!
You kill the endoplasm!
The endoplasm hits you.
You have reached level 5!
You slash the jelly! The acid corrodes you!
Your hands burn!
The jelly is heavily wounded.
You hit the endoplasm. The jelly hits you but does no damage.
The endoplasm hits you but does no damage.
You barely miss the jelly.
The jelly is heavily wounded.
You hit the endoplasm. You slash the endoplasm!
You kill the endoplasm!
The jelly hits you but does no damage.
The endoplasm hits you but does no damage.
You hit the jelly.
The jelly is poisoned.
Your hands burn!
The jelly is severely wounded.
You barely miss the endoplasm. The jelly barely misses you.
The endoplasm hits you. The jelly hits you but does no damage.
The endoplasm barely misses you. You block the endoplasm's attack.
You hit the jelly.
Your hands burn!
The jelly is severely wounded.
You hit the endoplasm but do no damage. You slash the endoplasm!
You kill the endoplasm!
The jelly hits you but does no damage. The endoplasm freezes you.
You are frozen.
You die...

........##.......#
........##.......#
.#####..##[......#
....######.......#
...#.# ####....# ....##
##..'....# ..#.#
#.########
.#.#######).....##
..#.##.# #######@#
..##.#.# .P.P..JJJ#
.....#.# ......%..# ####
...###.#
....%P.%.############...
..##.#.#
...P.P%P.##...........##
.#.#.#.#
.%.......##....#......##
..#.##.#
(..P...P.##........)....
.#..##.#
###########......####..#
.#####.## #####......#
#..%


You could see a jelly (very poisoned) and 2 endoplasms.

Vanquished Creatures
  A jelly (D:2)
  4 adders (D:2)
  4 ball pythons
  9 endoplasms
  2 giant cockroaches (D:2)
  2 goblins (D:2)
  5 hobgoblins
  3 jackals (D:1)
  4 quokkas
  3 bats
  2 frilled lizards (D:2)
  11 kobolds
  2 rats
52 creatures vanquished.

Notes
Turn   | Place    | Note
-------+----------+-------------------------------------------
     0 | D:1      | qw the Gargoyle Fighter began the quest for the Orb.
     0 | D:1      | Reached XP level 1. HP: 14/14 MP: 1/1
     0 | D:1      | 0 ||| qw: Version: 0.2-a-102-g2b76a06
     0 | D:1      | 0 ||| qw: Game counter: 426
     0 | D:1      | 0 ||| qw: Always use a shield: true
     0 | D:1      | 0 ||| qw: God list: Okawaru
     0 | D:1      | 0 ||| qw: Allow faded altars: false
     0 | D:1      | 0 ||| qw: Do Orc after D:15 true
     0 | D:1      | 0 ||| qw: Do second Lair branch before Depths: true
     0 | D:1      | 0 ||| qw: Lair rune preference: random
     0 | D:1      | 0 ||| qw: Plans: Normal, Zot:1-4, Slime:5, God:TSO, Crypt,
                  | Tomb, Pan, Hells, Abyss, Win
     0 | D:1      | 0 ||| PLANNING D:1-11
    33 | D:1      | Reached skill level 2 in Axes
   131 | D:1      | Reached XP level 2. HP: 19/19 MP: 2/2
   390 | D:1      | 390 ||| Stepping ~*~*~tactically~*~*~ (stealth).
   548 | D:1      | 548 ||| READING scroll labelled JINWUO PESIUW.
   553 | D:1      | 553 ||| READING scroll labelled SEEQUPHO FODGHA.
   596 | D:2      | Reached skill level 3 in Axes
   596 | D:2      | Reached XP level 3. HP: 23/23 MP: 3/3
   614 | D:2      | 614 ||| Stepping ~*~*~tactically~*~*~ (stealth).
   651 | D:2      | 651 ||| Stepping ~*~*~tactically~*~*~ (stealth).
   737 | D:2      | 737 ||| Stepping ~*~*~tactically~*~*~ (stealth).
   788 | D:2      | 788 ||| Stepping ~*~*~tactically~*~*~ (stealth).
   789 | D:2      | 789 ||| Stepping ~*~*~tactically~*~*~ (stealth).
   819 | D:2      | 819 ||| Stepping ~*~*~tactically~*~*~ (stealth).
   820 | D:2      | 820 ||| Stepping ~*~*~tactically~*~*~ (stealth).
   821 | D:2      | 821 ||| Stepping ~*~*~tactically~*~*~ (stealth).
   823 | D:2      | 823 ||| Stepping ~*~*~tactically~*~*~ (stealth).
   824 | D:2      | 824 ||| Stepping ~*~*~tactically~*~*~ (stealth).
   869 | D:2      | Found a faded altar of an unknown god.
   903 | D:2      | Reached XP level 4. HP: 28/28 MP: 4/4
   931 | D:2      | Reached skill level 4 in Axes
   958 | D:2      | 958 ||| Stepping ~*~*~tactically~*~*~ (stealth).
  1079 | D:2      | 1079 ||| DROPPING +0 mace.
  1179 | D:2      | Reached XP level 5. HP: 14/32 MP: 5/5
  1181 | D:2      | HP: 4/32 [acid (5)]
  1182 | D:2      | HP: 1/32 [acid (3)]
  1182 | D:2      | Frozen to death by an endoplasm

Levels and vault maps discovered:
D:1:      dpeg_arrival_houses_and_road, layout_loops_ring,
          nicolae_figureground_pulse
D:2:      cheibrodos_fertilizer, layout_rooms, dreamdust_ecumenical_altar_grove,
          hangedman_decor_growths, minmay_misc_feat_rugged,
          nicolae_kite_square_tiling_tiny, minmay_fractal_squares_5

Skill      XL: |  1  2  3  4 |
---------------+-------------+-----
Axes           | 2 3 4 |  4.6
Fighting       | |  3.2
Armour         | |  3.2
Shields        | |  3.2

Action                     |  1- 3 |  4- 6 || total
---------------------------+-------+-------++-------
  Melee: War axe           |    77 |    35 ||   112
    Use: Scroll            |     2 |       ||     2
 Armour: Scale mail        |    44 |    32 ||    76
  Dodge: Dodged            |    31 |    15 ||    46
  Block: Buckler           |    20 |     5 ||    25

Table legend:
 A = Non-vault XP
 B = Vault XP
 C = Vault XP percentage of total XP
 D = Non-vault monster count
 E = Vault monster count
 F = Vault count percentage of total count
                 A         B        C        D         E       F
            +---------+---------+-------+---------+---------+-------
      Total |     104 |      72 |  40.9 |      33 |      19 |  36.5
            +---------+---------+-------+---------+---------+-------
        D:1 |      20 |       0 |   0.0 |      12 |       0 |   0.0
        D:2 |      84 |      72 |  46.2 |      21 |      19 |  47.5
            +---------+---------+-------+---------+---------+-------
